 Dungeon Crawl Stone Soup version 0.26.0-90-g5fd8617961 (webtiles) character file.

Game seed: 14042209637674445805

642 Hatywr the Reanimator (level 7, -2/36 HPs)
             Began as a Deep Elf Necromancer on Feb 2, 2021.
             Slain by a bullfrog zombie (4 damage)
             ... on level 5 of the Dungeon.
             The game lasted 00:19:48 (6195 turns).

Hatywr the Reanimator (Deep Elf Necromancer)        Turns: 6195, Time: 00:19:49

Health: -2/36      AC:  3    Str:  5    XL:     7   Next: 26%
Magic:  18/18      EV: 16    Int: 22    God:
Gold:   137        SH:  5    Dex: 19    Spells: 9/18 levels left

rFire    . . .     SeeInvis .   o - +0 whip
rCold    . . .     Faith    .   (no shield)
rNeg     . . .     Spirit   .   a - +0 robe
rPois    +         Reflect  +   f - +0 helmet
rElec    .         Harm     .   (no cloak)
rCorr    .         Rampage  .   (no gloves)
Will     .....                  (no boots)
Stlth    ++........             q - amulet of Goesul {Reflect rPois Dex+4 SH+5}
HPRegen  0.12/turn              j - ring of wizardry
MPRegen  0.16/turn              (no ring)

@: no status effects
A: no striking features
a: no special abilities


You were on level 5 of the Dungeon.
You visited 1 branch of the dungeon, and saw 5 of its levels.

You collected 137 gold pieces.

Inventory:

Hand Weapons
 o - a +0 whip (weapon)
Armour
 a - a +0 robe (worn)
 f - a +0 helmet (worn)
Jewellery
 d - an uncursed amulet of faith {unknown}
 j - a ring of wizardry (left hand)
 q - the amulet of Goesul (around neck) {Reflect rPois Dex+4 SH+5}
   (You found it on level 4 of the Dungeon)

   [amulet of reflection]

   It shields you and reflects attacks.
   It affects your dexterity (+4).
   It protects you from poison.
   It affects your SH (+5).
Wands
 u - a wand of random effects (23)
Scrolls
 b - 10 scrolls of identify {unknown}
 c - 2 scrolls of remove curse {unknown}
 e - 3 scrolls of fog {unknown}
 g - a scroll of enchant armour {unknown}
 h - 3 scrolls of amnesia {unknown}
 i - a scroll of teleportation {unknown}
 n - a scroll of random uselessness {unknown}
 p - 2 scrolls of blinking {unknown}
Potions
 k - a potion of lignification {unknown}
 l - 3 potions of brilliance {unknown}
 m - 4 potions of curing {unknown}
 r - a potion of cancellation {unknown}
 s - a potion of mutation {unknown}
 v - 2 potions of degeneration {unknown}
 w - a potion of attraction {unknown}
 x - a potion of invisibility {unknown}
 z - a potion of heal wounds {unknown}


   Skills:
 + Level 5.5 Dodging
 - Level 2.4 Stealth
 + Level 6.1 Spellcasting
 * Level 8.0 Necromancy


You had 9 spell levels left.
You knew the following spells:

 Your Spells              Type           Power        Failure   Level
a - Pain                  Necr           100%         1%          1
b - Animate Skeleton      Necr           84%          1%          1
c - Vampiric Draining     Necr           21%          1%          3
d - Animate Dead          Necr           21%          1%          4

Your spell library contained the following spells:

 Spells                   Type           Power        Failure   Level
 Agony                    Necr           42%          4%          5


Dungeon Overview and Level Annotations

Branches:
Dungeon (5/15)
 Temple: D:4-7

Altars:
Elyvilon
Xom
The Shining One

Shops:
D:4 (

Annotations:
D:3 Grinder, Natasha
D:5 Menkaure


Message History

You hit the bullfrog zombie.
The bullfrog zombie is severely damaged.
The bullfrog zombie hits you.
* * * LOW HITPOINT WARNING * * *
Your adder skeleton bites the bullfrog zombie.
The bullfrog zombie closely misses you.
Your adder skeleton barely misses the bullfrog zombie.
The bullfrog zombie misses you.
Your adder skeleton closely misses the bullfrog zombie.
Your adder skeleton bites the bullfrog zombie.
The bullfrog zombie hits you.
* * * LOW HITPOINT WARNING * * *
You hit the bullfrog zombie.
The bullfrog zombie is almost destroyed.
Your adder skeleton bites the bullfrog zombie.
You block the bullfrog zombie's attack.
You hit the bullfrog zombie but do no damage.
The bullfrog zombie is almost destroyed.
The bullfrog zombie hits you.
You die...

#############
##.....#.....##
##.............##
#..@............#
#..Z............#
#..Z.....<....?.#
#...............#
#...............#
#...............#
##.............##
##?..........##
##....$....##


You could see a bullfrog zombie and a friendly adder skeleton.

Vanquished Creatures
  An ice beast (D:4)
  2 ogres (D:4)
  A scorpion (D:4)
  A hound (D:5)
  An orc priest (D:4)
  An orc wizard (D:5)
  Natasha (twice) (D:3)
  8 adders
  An ooze (D:4)
  3 worms
  4 dart slugs
  4 leopard geckos
  18 orcs
  8 bats
  3 giant cockroaches
  10 hobgoblins
  2 jackals (D:2)
  A quokka (D:3)
  A ball python (D:2)
  6 frilled lizards
  9 goblins
  2 jackal skeletons (D:4)
  8 kobolds
  A quokka zombie (D:2)
  7 rats
105 creatures vanquished.

Vanquished Creatures (collateral kills)
  An orc (D:4)
  A leopard gecko skeleton (D:4)
2 creatures vanquished.

Grand Total: 107 creatures vanquished

Notes
Turn   | Place    | Note
-------+----------+-------------------------------------------
     0 | D:1      | Hatywr the Deep Elf Necromancer began the quest for the
                  | Orb.
     0 | D:1      | Reached XP level 1. HP: 10/10 MP: 6/6
     2 | D:1      | Learned a level 1 spell: Animate Skeleton
   299 | D:1      | Reached skill level 5 in Necromancy
   299 | D:1      | Reached XP level 2. HP: 13/15 MP: 5/8
   884 | D:1      | Reached XP level 3. HP: 15/19 MP: 6/10
  1618 | D:2      | Reached XP level 4. HP: 5/24 MP: 1/12
  1959 | D:2      | Found a faded altar of an unknown god.
  2717 | D:3      | Learned a level 3 spell: Vampiric Draining
  2722 | D:3      | Learned a level 4 spell: Animate Dead
  2901 | D:3      | Noticed Grinder
  2908 | D:3      | Paralysed by Grinder for 2 turns
  3109 | D:4      | Reached skill level 6 in Necromancy
  3109 | D:4      | Reached XP level 5. HP: 8/28 MP: 7/13
  3418 | D:4      | Noticed an ogre
  3442 | D:4      | Killed an ogre
  3443 | D:4      | Reached skill level 5 in Spellcasting
  3559 | D:4      | Got a brightly glowing ruby amulet
  3640 | D:4      | Found a glowing golden altar of the Shining One.
  3772 | D:4      | Found Bamakunt's Antique Weapon Shoppe.
  3899 | D:4      | Noticed an ice beast
  3904 | D:4      | Killed an ice beast
  3905 | D:4      | Reached skill level 7 in Necromancy
  3905 | D:4      | Reached XP level 6. HP: 31/32 MP: 8/16
  4037 | D:4      | Reached skill level 5 in Dodging
  4226 | D:4      | Found a shimmering altar of Xom.
  4575 | D:4      | Identified the amulet of Goesul {Reflect rPois Dex+4 SH+5}
                  | (You found it on level 4 of the Dungeon)
  5017 | D:3      | Noticed Natasha
  5020 | D:3      | Killed Natasha
  5021 | D:3      | Reached XP level 7. HP: 26/36 MP: 9/17
  5025 | D:3      | Noticed Natasha
  5168 | D:3      | Killed Natasha
  5302 | D:3      | Noticed Natasha
  5320 | D:3      | Found a white marble altar of Elyvilon.
  5543 | D:5      | Entered Level 5 of the Dungeon
  5617 | D:5      | Noticed Menkaure
  6173 | D:5      | Reached skill level 8 in Necromancy
  6193 | D:5      | HP: 1/36 [bullfrog zombie (3)]
  6195 | D:5      | Slain by a bullfrog zombie

Illustrated notes

Levels and vault maps discovered:
D:1:      tarquinn_simple_flora_water_f, layout_rooms
D:2:      layout_basic, chequers_ecumenical_altar_grove,
          kennysheep_cross_bottleneck, minmay_ruptured
D:3:      layout_basic, cheibrodos_sewer_entry_sluice, elyvilon_altar_5,
          uniq_natasha, uniq_grinder
D:4:      layout_basic, xom_butterflies, marbit_many_paths, serial_shops,
          nicolae_shop_stone
D:5:      layout_rooms, uniq_menkaure

Skill      XL: |  1  2  3  4  5  6  7 |
---------------+----------------------+-----
Necromancy     | 5 6 7 8 |  8.0
Dodging        | 3 4 5 |  5.5
Spellcasting   | 4 5 6 |  6.1
Stealth        | |  2.4

Action                   |  1- 3 |  4- 6 |  7- 9 || total
-------------------------+-------+-------+-------++-------
Melee: Short sword       |     1 |       |       ||     1
       Whip              |     8 |    16 |    15 ||    39
 Cast: Pain              |    64 |    88 |    36 ||   188
       Animate Skeleton  |     7 |    10 |     2 ||    19
       Vampiric Draining |       |    11 |     3 ||    14
       Animate Dead      |       |     3 |       ||     3
  Use: Potion            |     1 |       |     1 ||     2
Armor: Robe              |     7 |     5 |     4 ||    16
Dodge: Dodged            |    16 |    33 |    41 ||    90
Block: Other             |       |     1 |    11 ||    12
       Reflection        |       |       |     3 ||     3
